 Zot Defence DCSS version 0.15.2 (webtiles) character file.

49225 hexophile the Warrior (level 13, -9/116 HPs)
             Began as a Mummy Necromancer on Jan 28, 2016.
             Was a Priest of Makhleb.
             Killed from afar by Louise (20 damage)
             ... with a stone arrow
             ... in the Realm of Zot (Scenario I: Hall of Zot).
             The game lasted 00:05:15 (4131 turns).

hexophile the Warrior (Mummy Necromancer)           Turns: 4131, Time: 00:05:15

HP  -9/116       AC  8     Str 15      XL: 13   Next: 51%
MP  19/19        EV  5     Int 14      God: Makhleb [***...]
Gold 0           SH  0     Dex 12      Spells:  2 memorised, 11 levels left

rFire  x . .     SeeInvis .     d - +4 scimitar (flame)
rCold  + . .     Clarity  .     e - +0 chain mail
rNeg   + + +     rCorr    .     (no shield)
rPois  +         rRot     +     (no helmet)
rElec  .         Spirit   .     (no cloak)
SustAb .         Warding  .     (no gloves)
rMut   .         Stasis   .     (no boots)
Gourm  .                        (no amulet)
MR     +....                    (no ring)
                                (no ring)

@: somewhat resistant to hostile enchantments, extremely unstealthy
A: no food or potions, fire vulnerability, in touch with death, restore body,
cold resistance 1, negative energy resistance 3, poison resistance, torment
resistance, unbreathing
a: Make oklob sapling, Make arrow trap, Make plant, Remove Curse, Make burning
bush, Make altar, Make grenades, Make oklob plant, Make net trap, Make ice
statue, Make spear trap, Make alarm trap, Make mushroom circle, Make bolt trap,
Self-Restoration, Minor Destruction, Lesser Servant of Makhleb, Renounce
Religion
}: 1/15 runes: slimy


You were in the Realm of Zot.
You worshipped Makhleb.
Makhleb was most pleased with you.
You were not hungry.

You visited 1 branch


Innate Abilities, Weirdness & Mutations

You do not eat or drink.
Your flesh is vulnerable to fire.
You are in touch with the powers of death.
You can restore your body by infusing magical energy.
Your flesh is cold resistant.
You are immune to negative energy.
Your system is resistant to poisons.
You are immune to unholy pain and torment.
You can survive without breathing.

Inventory:

Hand weapons
 c - a +0 battleaxe
 d - a +4 scimitar of flaming (weapon)
Armour
 e - a +0 chain mail (worn)
Scrolls
 h - a scroll of blinking
Books
 b - a book of Necromancy

   Spells                             Type                      Level
   *Pain                              Necromancy                   1
   Animate Skeleton                   Necromancy                   1
   Vampiric Draining                  Necromancy                   3
   Regeneration                       Charms/Necromancy            3
   *Animate Dead                      Necromancy                   4
   Control Undead                     Necromancy                   4


You had 11 spell levels left.
You knew the following spells:

 Your Spells              Type           Power        Failure   Level  Hunger
a - Pain                  Necr           ####         6%          1    N/A
b - Animate Dead          Necr           N/A          52%         4    N/A


   Skills:
 - Level 15.3 Fighting
 + Level 10.2 Axes
 - Level 1.5 Dodging
 - Level 1.5 Stealth
 - Level 2.0 Spellcasting
 - Level 12.7 Necromancy

Dungeon Overview and Level Annotations

Branches:
    Zot (1/1)

Altars:
Makhleb

Annotations:
Zot Louise

Vault maps used:
Zot:      zotvault
You       could see
Louise    and a kobold.


Message History

You are too injured to fight recklessly!
You are too injured to fight recklessly!
You are too injured to fight recklessly!
You are too injured to fight recklessly!
You are too injured to fight recklessly!
You are too injured to fight recklessly!
You are too injured to fight recklessly!
You are too injured to fight recklessly!
You are too injured to fight recklessly!
You are too injured to fight recklessly!
You are too injured to fight recklessly!
You are too injured to fight recklessly!
You are too injured to fight recklessly!
You are too injured to fight recklessly!
You are too injured to fight recklessly!
You are too injured to fight recklessly!
You are too injured to fight recklessly!
You are too injured to fight recklessly!
You are too injured to fight recklessly!
You are too injured to fight recklessly!
You are too injured to fight recklessly!
You are too injured to fight recklessly!
You are too injured to fight recklessly!
You are too injured to fight recklessly!
You are too injured to fight recklessly!
You are too injured to fight recklessly!
You are too injured to fight recklessly!
You are too injured to fight recklessly!
You are too injured to fight recklessly!
Louise blocks your attack. Louise hits you with a hand axe!
* * * LOW HITPOINT WARNING * * *
You slash Louise! You burn Louise.
Louise is lightly wounded.
Louise hits you with a hand axe!
* * * LOW HITPOINT WARNING * * *
Louise blocks your attack.
Louise is lightly wounded.
Louise hits you with a hand axe!
* * * LOW HITPOINT WARNING * * *
You hit Louise but do no damage.
Louise is lightly wounded.
Louise hits you but does no damage. Louise blocks your attack.
Louise is lightly wounded.
Louise points at you and mumbles some strange words.
You resist.
Louise says, "Even the Abyss couldn't kill me!
What makes you think you can?" Louise gestures at you while chanting.
The stone arrow hits you!
You die...

Action                   |  1- 3 |  4- 6 |  7- 9 | 10-12 | 13-15 || total
-------------------------+-------+-------+-------+-------+-------++-------
Melee: Unarmed           |   288 |    58 |       |       |       ||   346
       Short sword       |       |   122 |    57 |       |       ||   179
       Scimitar          |       |       |   115 |   352 |    34 ||   501
       Battleaxe         |       |       |       |   108 |   171 ||   279
 Cast: Pain              |     3 |       |       |       |       ||     3
 Abil: Make grenades     |       |       |     4 |       |       ||     4
       Make altar        |       |       |     1 |       |       ||     1

Notes
Turn   | Place    | Note
--------------------------------------------------------------
     0 | Zot      | hexophile, the Mummy Necromancer, began the quest for the Orb.
     0 | Zot      | Reached XP level 1. HP: 13/13 MP: 3/3
   700 | Zot      | Noticed Vegatia
   707 | Zot      | Got a slimy rune of Zot
   982 | Zot      | Noticed an ogre
  1031 | Zot      | Killed an ogre
  1031 | Zot      | Reached skill level 5 in Fighting
  1031 | Zot      | Reached XP level 2. HP: 18/27 MP: 4/4
  1031 | Zot      | Reached XP level 3. HP: 22/33 MP: 6/6
  1031 | Zot      | Reached XP level 4. HP: 26/39 MP: 7/7
  1031 | Zot      | Reached XP level 5. HP: 29/44 MP: 9/9
  1217 | Zot      | Killed Vegatia the spiny frog
  1217 | Zot      | Reached skill level 8 in Fighting
  1217 | Zot      | Reached XP level 6. HP: 49/57 MP: 10/10
  1217 | Zot      | Reached XP level 7. HP: 54/63 MP: 12/12
  1262 | Zot      | Reached skill level 9 in Fighting
  1266 | Zot      | Became a worshipper of Makhleb the Destroyer
  1702 | Zot      | Noticed Azxe Pla
  1705 | Zot      | Reached XP level 8. HP: 71/71 MP: 13/13
  1737 | Zot      | Killed Azxe Pla the efreet
  1737 | Zot      | Reached skill level 10 in Fighting
  1763 | Zot      | Learned a level 4 spell: Animate Dead
  2223 | Zot      | Reached skill level 5 in Necromancy
  2234 | Zot      | Reached skill level 11 in Fighting
  2235 | Zot      | Reached XP level 9. HP: 79/81 MP: 14/14
  2251 | Zot      | Acquired Makhleb's first power
  2268 | Zot      | Noticed a hill giant
  2303 | Zot      | Reached skill level 6 in Necromancy
  2313 | Zot      | Killed a hill giant
  2313 | Zot      | Reached skill level 7 in Necromancy
  2324 | Zot      | Reached skill level 12 in Fighting
  2348 | Zot      | Reached skill level 8 in Necromancy
  2355 | Zot      | Reached XP level 10. HP: 89/89 MP: 16/16
  2390 | Zot      | Reached skill level 9 in Necromancy
  2397 | Zot      | Noticed a hill giant
  2416 | Zot      | Killed a hill giant
  2416 | Zot      | Reached skill level 13 in Fighting
  2428 | Zot      | Reached skill level 10 in Necromancy
  2455 | Zot      | Reached XP level 11. HP: 98/98 MP: 17/17
  2627 | Zot      | Acquired Makhleb's second power
  2804 | Zot      | Reached skill level 14 in Fighting
  3159 | Zot      | Noticed a hell beast
  3177 | Zot      | Noticed a hell beast
  3195 | Zot      | Killed a hell beast
  3195 | Zot      | Reached skill level 11 in Necromancy
  3209 | Zot      | Killed a hell beast
  3284 | Zot      | Noticed a centaur warrior
  3306 | Zot      | Reached skill level 12 in Necromancy
  3317 | Zot      | Killed a centaur warrior
  3320 | Zot      | Reached XP level 12. HP: 108/108 MP: 4/18
  3325 | Zot      | Reached skill level 15 in Fighting
  3535 | Zot      | Reached skill level 1 in Axes
  3542 | Zot      | Reached skill level 2 in Axes
  3550 | Zot      | Reached skill level 3 in Axes
  3554 | Zot      | Reached skill level 4 in Axes
  3578 | Zot      | Reached skill level 5 in Axes
  3598 | Zot      | Reached skill level 6 in Axes
  3629 | Zot      | Acquired Makhleb's third power
  3629 | Zot      | Reached skill level 7 in Axes
  3652 | Zot      | Reached XP level 13. HP: 116/116 MP: 19/19
  3688 | Zot      | Noticed a red very ugly thing
  3700 | Zot      | Noticed Louise
  3731 | Zot      | Reached skill level 8 in Axes
  3777 | Zot      | Killed a green very ugly thing
  3777 | Zot      | Reached skill level 9 in Axes
  3907 | Zot      | Reached skill level 10 in Axes
  4131 | Zot      | Killed from afar by Louise

Table legend:
 A = Turns spent in this place as a percentage of turns spent in the entire game.
 B = Non-inter-level travel turns spent in this place as a percentage of non-inter-level travel turns spent in the entire game.
 C = Inter-level travel turns spent in this place as a percentage of turns spent in this place.
 D = Turns resting spent in this place as a percentage of non-inter-level travel turns spent in this place.
 E = Turns spent auto-exploring this place as a percentage of non-inter-level travel turns spent in this place.
 F = Non-inter-level travel turns spent in this place divided by the number of levels of this place that you've seen.
                   A       B       C       D       E      F
               +-------+-------+-------+-------+-------+----------------------
         Total | 100.0 | 100.0 |   0.0 |   1.6 |   0.0 | 2680.0
           Zot | 100.0 | 100.0 |   0.0 |   1.6 |   0.0 | 2680.0
               +-------+-------+-------+-------+-------+----------------------

Table legend:
 A = Kills in this place as a percentage of kills in entire the game.
 B = Kills by you in this place as a percentage of kills by you in the entire game.
 C = Kills by friends in this place as a percentage of kills by friends in the entire game.
 D = Other kills in this place as a percentage of other kills in the entire game.
 E = Experience gained in this place as a percentage of experience gained in the entire game.
 F = Experience gained in this place divided by the number of levels of this place that you have seen.
                   A       B       C       D       E      F
               +-------+-------+-------+-------+-------+----------------------
         Total | 100.0 | 100.0 | 100.0 | 100.0 | 100.0 | 51750.0
           Zot | 100.0 | 100.0 | 100.0 | 100.0 | 100.0 | 51750.0
               +-------+-------+-------+-------+-------+----------------------

Vanquished Creatures
  A very ugly thing (Zot)
  A hydra (Zot)
  A centaur warrior (Zot)
  A wizard (Zot)
  4 hell beasts (Zot)
  2 hill giants (Zot)
  An orc knight (Zot)
  5 ugly things (Zot)
  A spiny frog (Zot)
  A stone giant skeleton (Zot)
  A yaktaur (shapeshifter) (Zot)
  11 yaktaurs (Zot)
  A freezing wraith (Zot)
  6 redbacks (Zot)
  3 trapdoor spiders (Zot)
  2 vampires (Zot)
  6 yaks (Zot)
  A mottled dragon (Zot)
  6 vampire mosquitoes (Zot)
  A deep elf mage (Zot)
  A soldier ant (Zot)
  A naga (Zot)
  A warg (Zot)
  A phantom (Zot)
  An orc warrior (Zot)
  A mottled dragon (shapeshifter) (Zot)
  An orc zombie (Zot)
  2 black bears (Zot)
  2 ogres (Zot)
  2 gnoll sergeants (Zot)
  3 centaurs (Zot)
  A big kobold (Zot)
  13 insubstantial wisps (Zot)
  2 giant frogs (Zot)
  An eye of draining (Zot)
  A hound (Zot)
  18 gnolls (Zot)
  3 green rats (Zot)
  An ooze (Zot)
  3 orcs (Zot)
  2 bats (Zot)
  3 quokkas (Zot)
  5 kobolds (Zot)
125 creatures vanquished.

Vanquished Creatures (collateral kills)
  An efreet (Zot)
  A hippogriff (Zot)
  A jackal (Zot)
  8 giant spores (Zot)
11 creatures vanquished.

Vanquished Creatures (others)
  An orc zombie (Zot)
  A hobgoblin (Zot)
  A giant newt (Zot)
  2 giant spores (Zot)
5 creatures vanquished.

Grand Total: 141 creatures vanquished
